 Dungeon Crawl Stone Soup version 0.19.1 (webtiles) character file.

100 esteth the Magician (level 4, -11/24 HPs)
             Began as a Deep Elf Conjurer on Dec 11, 2016.
             Mangled by a gnoll
             ... wielding a +0 halberd
              (14 damage)
             ... on level 2 of the Dungeon.
             The game lasted 00:06:07 (2288 turns).

esteth the Magician (Deep Elf Conjurer)             Turns: 2288, Time: 00:06:08

Health: -11/24     AC:  4    Str:  5    XL:     4   Next: 46%
Magic:  5/13       EV: 13    Int: 21    God:
Gold:   129        SH:  0    Dex: 15    Spells: 1 memorised, 12 levels left

rFire  . . .     SeeInvis .     q - -2 flail (curse)
rCold  . . .     Gourm    .     d - +0 robe (curse)
rNeg   . . .     Faith    .     (no shield)
rPois  .         Spirit   .     (no helmet)
rElec  .         Reflect  .     (no cloak)
rCorr  .         Harm     .     o - +0 pair of gloves
MR     .....                    p - +0 pair of boots
Stlth  ++........               (no amulet)
                                (no ring)
                                (no ring)

@: no status effects
A: no striking features
a: no special abilities


You were on level 2 of the Dungeon.
You were not hungry.

You visited 1 branch of the dungeon, and saw 2 of its levels.

You collected 129 gold pieces.

Inventory:

Hand Weapons
 q - a cursed -2 flail (weapon)
Armour
 a - a +0 robe
 d - a cursed +0 robe (worn)
 o - a +0 pair of gloves (worn)
 p - a +0 pair of boots (worn)
Scrolls
 e - a scroll of identify
 f - a scroll of amnesia
 g - a scroll of immolation {unknown}
 i - a scroll of recharging {unknown}
 j - 2 scrolls of fog {unknown}
 l - a scroll of fear {unknown}
 m - a scroll of noise {unknown}
 n - a scroll of blinking {unknown}
Potions
 k - 3 potions of curing {unknown}
Books
 b - a book of Conjurations

   Spells                             Type                      Level
   a - Magic Dart                     Conjuration                  1
   b - Searing Ray                    Conjuration                  2
   c - Dazzling Spray                 Conjuration/Hexes            3
   d - Fulminant Prism                Conjuration/Hexes            4
   e - Iskenderun's Mystic Blast      Conjuration                  4
   f - Iskenderun's Battlesphere      Conjuration/Charms           5
Comestibles
 c - 2 bread rations
 h - a beef jerky


   Skills:
 - Level 2.4 Dodging
 - Level 2.4 Stealth
 * Level 5.4 Spellcasting
 + Level 5.3 Conjurations


You had 12 spell levels left.
You knew the following spells:

 Your Spells              Type           Power        Failure   Level  Hunger
a - Magic Dart            Conj           ####         1%          1    None


Dungeon Overview and Level Annotations

Branches:
Dungeon (2/15)

Altars:


Message History

Ouch! That really hurt!
* * * LOW HITPOINT WARNING * * *
Casting: Magic Dart
Confirm with . or Enter, or press ? or * to list all spells.
Aiming: Magic Dart
Press: ? - help, Shift-Dir - straight line, f/p - gnoll
Aim: a gnoll, wielding a club (almost dead)
The magic dart hits the gnoll.
The gnoll is almost dead.
The gnoll closely misses you. The gnoll barely misses you.
Casting: Magic Dart
Confirm with . or Enter, or press ? or * to list all spells.
Aiming: Magic Dart
Press: ? - help, Shift-Dir - straight line, f/p - gnoll
Aim: a gnoll, wielding a club (severely wounded)
The magic dart hits the gnoll.
You kill the gnoll!
The gnoll hits you from afar with a halberd!
Ouch! That really hurt!
You die...

#####..##....## #
#..##....##### #
#..##........# #
#.###....###.# ### #
#.# #..>.# #.# #.# #
#.# ###.## #.# #.#
#####.#####.####.###.#
.##........(......##.#
.####..#########@.##.#
.# #...........)....#
.# #..#########g.##.#
.# #..# #.†##.# ##
#..####### #..##.# #
#........# #.)##.# #
########.# #..##.# #
###
#.###..##.########## #
#.#
#.##...............#


You could see a gnoll.

Vanquished Creatures
  3 gnolls (D:2)
  An adder (D:2)
  An ooze (D:2)
  A worm (D:2)
  2 dart slugs (D:1)
  A leopard gecko (D:1)
  2 giant cockroaches
  10 goblins
  12 hobgoblins
  A ball python (D:2)
  5 bats
  4 frilled lizards
  3 kobolds (D:2)
  3 rats (D:2)
49 creatures vanquished.

Notes
Turn   | Place    | Note
-------+----------+-------------------------------------------
     0 | D:1      | esteth the Deep Elf Conjurer began the quest for the Orb.
     0 | D:1      | Reached XP level 1. HP: 10/10 MP: 6/6
   232 | D:1      | Reached XP level 2. HP: 10/15 MP: 2/8
  1001 | D:2      | Reached XP level 3. HP: 19/19 MP: 5/10
  1120 | D:2      | Reached skill level 5 in Conjurations
  1912 | D:2      | Reached skill level 5 in Spellcasting
  1917 | D:2      | Reached XP level 4. HP: 24/24 MP: 7/13
  2288 | D:2      | Mangled by a gnoll

Skill      XL: |  1  2  3 |
---------------+----------+-----
Spellcasting   | 4 5 |  5.4
Conjurations   | 5 |  5.3
Dodging        | |  2.4
Stealth        | |  2.4

Action                   |  1- 3 |  4- 6 || total
-------------------------+-------+-------++-------
Melee: Unarmed           |    10 |       ||    10
 Cast: Magic Dart        |    88 |    20 ||   108
  Use: Scroll            |       |     1 ||     1
  Eat: Royal jelly       |     1 |       ||     1
       Pizza             |     1 |       ||     1
Armor: Robe              |     2 |       ||     2
Dodge: Dodged            |    22 |     7 ||    29
